 Dungeon Crawl Stone Soup version 0.28-a0-381-g937acc2988 (webtiles) character file.

Game seed: 579714620112278219

26885 hatdisgam the Cruncher (level 13, -1/93 HPs)
             Began as a Formicid Fighter on Sept 1, 2021.
             Was a Follower of Uskayaw.
             Succumbed to a cane toad's poison
             ... on level 5 of the Lair of Beasts.
             The game lasted 00:27:51 (17601 turns).

hatdisgam the Cruncher (Formicid Fighter)          Turns: 17601, Time: 00:27:52

Health: -1/93      AC: 13    Str: 23    XL:     13   Next: 61%
Magic:  19/19      EV: 12    Int: 11    God:    Uskayaw [*.....]
Gold:   441        SH: 11    Dex: 10    Spells: 12/12 levels left

rFire   . . .      SeeInvis +   a - +4 lajatang (freeze)
rCold   + + +      Faith    .   c - +0 buckler
rNeg    . . .      Spirit   .   s - +1 ring mail of Impatience {Drain rC+++ Slay+2 Stlth-}
rPois   .          Reflect  +   (helmet unavailable)
rElec   .          Harm     .   q - +2 cloak
rCorr   .          Rampage  .   (no gloves)
Will    +....                   w - +1 pair of boots
Stlth   ..........              r - amulet of reflection
HPRegen 0.25/turn               p - ring of protection from cold
MPRegen 0.16/turn               (no ring)

@: lethally poisoned (-1 -> -21)
A: permanent stasis, dig shafts and tunnels, antennae 3, four strong arms
a: Dig, Shaft Self, Renounce Religion, Stomp


You were on level 5 of the Lair of Beasts.
You worshipped Uskayaw.
Uskayaw was aware of your devotion.
You visited 3 branches of the dungeon, and saw 16 of its levels.

You collected 701 gold pieces.
You spent 260 gold pieces at shops.

Inventory:

Hand Weapons
 a - a +4 lajatang of freezing (weapon)
 b - a +0 hand crossbow
 h - a +0 war axe
 i - a +2 spear of venom
 j - a +0 whip of electrocution
 I - a +0 quarterstaff of freezing
Missiles
 y - 161 bolts
Armour
 c - a +0 buckler (worn)
 q - a +2 cloak (worn)
 s - the +1 ring mail of Impatience (worn) {Drain rC+++ Slay+2 Stlth-}
   (You found it on level 6 of the Dungeon)

   Slay:      It affects your accuracy & damage with ranged weapons and melee
   (+2).
   rC:        It renders you almost immune to cold.
   Drain:     It drains your maximum health when unequipped.
   Stlth:     It makes you less stealthy.
 w - a +1 pair of boots (worn)
 x - a +0 scale mail
Jewellery
 p - a ring of protection from cold (left hand)
 r - an amulet of reflection (around neck)
 H - a ring of ice
 K - an amulet of regeneration
Wands
 o - a wand of charming (21)
 v - a wand of digging (6)
Scrolls
 d - a scroll of enchant armour
 m - a scroll of vulnerability
 n - a scroll of silence
 u - 4 scrolls of fog
 z - 6 scrolls of amnesia
 B - 3 scrolls of noise
 C - 2 scrolls of teleportation
 G - a scroll of blinking
 J - a scroll of magic mapping
 L - a scroll of enchant weapon
Potions
 e - 3 potions of ambrosia {unknown}
 f - 5 potions of attraction
 g - 2 potions of curing
 l - 6 potions of flight
 t - 2 potions of brilliance {unknown}
 A - a potion of magic {unknown}
 M - a potion of resistance {unknown}


   Skills:
 - Level 5.9 Fighting
 - Level 3.0 Axes
 - Level 14.0 Staves
 + Level 7.9 Crossbows
 + Level 9.3 Armour
 - Level 5.0 Dodging
 - Level 9.4 Shields
 + Level 8.7 Invocations


You had 12 spell levels left.
You didn't know any spells.
Your spell library contained the following spells:

 Spells                   Type           Power      Damage    Failure   Level
 Magic Dart               Conj           0%         1d3       45%         1
 Call Imp                 Summ           0%         N/A       61%         2
 Searing Ray              Conj           0%         3d3       61%         2
 Dazzling Flash           Conj/Hex       0%         N/A       83%         3
 Gell's Gravitas          Tloc           0%         N/A       83%         3
 Lesser Beckoning         Tloc           0%         N/A       83%         3
 Mephitic Cloud           Conj/Pois/Air  0%         N/A       83%         3
 Ozocubu's Armour         Ice            0%         N/A       83%         3
 Teleport Other           Tloc           0%         N/A       83%         3
 Fulminant Prism          Conj/Hex       0%         3d6       99%         4
 Agony                    Necr           0%         N/A       100%        5
 Manifold Assault         Tloc           0%         N/A       100%        5
 Metabolic Englaciation   Hex/Ice        0%         N/A       100%        5
 Silence                  Hex/Air        0%         N/A       100%        5
 Simulacrum               Ice/Necr       0%         N/A       100%        6
 Storm Form               Tmut/Air       0%         N/A       100%        7
 Blink                    Tloc           Unusable   N/A       N/A         2

Dungeon Overview and Level Annotations

Branches:
Dungeon (10/15)            Temple (1/1) D:5            Lair (4/6) D:8
 Spider (0/4) Lair:2          Orc (0/2) D:9
  Swamp: Lair:2-4    Shoals: Lair:2-4

Altars:
Ashenzari
Cheibriados
Elyvilon
Fedhas
Hepliaklqana
Kikubaaqudgha
Makhleb
Nemelex Xobeh
Okawaru
Qazlal
Sif Muna
Trog
Uskayaw
Vehumet
Wu Jian
Xom
Yredelemnul
Zin

Shops:
D:7 ?

Annotations:
D:8 exclusions: electric eel and 2 more exclusions
Lair:2 3 runed translucent doors, frimble's ghost, journeyman GnIE


Innate Abilities, Weirdness & Mutations

You cannot be hasted, slowed, berserked, paralysed or teleported.
You can dig through walls and to a lower floor.
You have a pair of large antennae on your head. (SInv)
Your four strong arms can wield two-handed weapons with a shield.


Message History

The cane toad stings you but does no damage.
The basilisk bites you but does no damage.
The cane toad stings you.
* * * LOW HITPOINT WARNING * * *
The basilisk bites you.
* * * LOW HITPOINT WARNING * * *
You turn to flesh and can move again.
You feel much better.
You feel very sick. The cane toad stings you!
* * * LOW HITPOINT WARNING * * *
You are lethally poisoned!
The cane toad poisons you! You block the basilisk's attack.
You feel better. You block the cane toad's attack.
The basilisk closely misses you. The cane toad stings you!
* * * LOW HITPOINT WARNING * * *
You are poisoned.
The cane toad poisons you!
Non-targeted abil: Dig
Press: ? - help, Q - select action, (/) - cycle Dir - look around, f - activate You extend your mandibles.
Okay, then.
Are you sure you want to shaft yourself?
You feel very sick. The cane toad stings you.
* * * LOW HITPOINT WARNING * * *
You are lethally poisoned!
The cane toad poisons you! The basilisk bites you.
* * * LOW HITPOINT WARNING * * *
You begin to dig a shaft.
You continue digging a shaft.
* * * LOW HITPOINT WARNING * * *
You feel very sick. The cane toad stings you.
* * * LOW HITPOINT WARNING * * *
The basilisk gazes at you.
You easily resist.
A shaft appears beneath you!
You fall into a shaft and drop 2 floors!
The shaft crumbles and collapses.
You die...

......
>#
..... .
...P .
.P.#.
...##
#...
#..##
#@.#
###...#
..# ..#
.# #


There were no monsters in sight!

Vanquished Creatures
  Fannar (D:10)
  2 hydras
  2 catoblepae
  3 death yaks (D:8)
  Pikel (D:5)
  A manticore (D:7)
  2 black mambas
  A rime drake (Lair:2)
  10 cane toads
  5 komodo dragons
  A hornet (D:10)
  A troll (D:7)
  Grinder (D:6)
  11 blink frogs
  Sigmund (D:5)
  3 redbacks (Lair:2)
  27 yaks
  4 basilisks
  2 wraiths
  An acid dragon (D:9)
  8 water moccasins
  3 ice beasts (D:7)
  Duvessa (D:5)
  4 orc warriors
  5 black bears
  A necrophage (D:7)
  4 ogres
  22 wolves
  6 centaurs
  2 lemures
  A phantom (D:6)
  4 kobold brigands
  11 bullfrogs
  3 gnoll sergeants
  Dowan (D:5)
  2 scorpions
  A wyvern skeleton (D:7)
  A water moccasin skeleton (D:3)
  4 killer bees (D:9)
  A howler monkey (D:7)
  2 centaur zombies (D:7)
  3 hounds
  4 orc priests
  A jelly (D:6)
  4 bullfrog skeletons
  2 centaur skeletons
  2 gnoll shamans
  4 iguanas
  4 orc wizards
  9 hell rats
  A howler monkey zombie (D:9)
  9 gnolls
  9 adders
  3 howler monkey skeletons
  A river rat (D:8)
  A shadow imp (D:8)
  A white imp (D:7)
  An ufetubus (D:5)
  4 worms
  2 dart slugs
  21 orcs
  7 ball pythons
  8 bats
  6 endoplasms
  13 goblins
  4 hobgoblins
  8 jackals
  12 kobolds
  9 quokkas
  6 rats
326 creatures vanquished.

Vanquished Creatures (others)
  11 fungi
  25 plants
  5 toadstools (D:1)
41 creatures vanquished.

Grand Total: 367 creatures vanquished

Notes
Turn   | Place    | Note
-------+----------+-------------------------------------------
     0 | D:1      | hatdisgam the Formicid Fighter began the quest for the Orb.
     0 | D:1      | Reached XP level 1. HP: 18/18 MP: 1/1
   171 | D:1      | Found a faded altar of an unknown god.
   328 | D:1      | Reached XP level 2. HP: 21/24 MP: 2/2
   738 | D:2      | Reached XP level 3. HP: 21/29 MP: 3/3
   853 | D:2      | Reached skill level 1 in Dodging
  1052 | D:2      | Reached XP level 4. HP: 35/35 MP: 4/4
  1524 | D:3      | Reached skill level 1 in Staves
  2159 | D:3      | Reached skill level 2 in Staves
  2159 | D:3      | Reached XP level 5. HP: 25/41 MP: 5/5
  2637 | D:4      | Found a radiant altar of Vehumet.
  3209 | D:4      | Noticed an ogre
  3216 | D:4      | Killed an ogre
  3217 | D:4      | Reached skill level 3 in Staves
  3217 | D:4      | Reached skill level 5 in Shields
  3217 | D:4      | Reached XP level 6. HP: 8/47 MP: 6/6
  3562 | D:5      | Entered Level 5 of the Dungeon
  3562 | D:5      | Noticed Sigmund
  3617 | D:5      | Killed Sigmund
  3618 | D:5      | Reached skill level 4 in Staves
  3618 | D:5      | Reached XP level 7. HP: 34/52 MP: 7/7
  3791 | D:5      | Found a staircase to the Ecumenical Temple.
  3800 | Temple   | Entered the Ecumenical Temple
  3844 | Temple   | Became a worshipper of Uskayaw the Reveller
  3890 | D:5      | Reached * piety under Uskayaw
  4108 | D:3      | Reached ** piety under Uskayaw
  4499 | D:5      | Noticed a wraith
  4515 | D:5      | Reached *** piety under Uskayaw
  4517 | D:5      | Reached skill level 5 in Staves
  4518 | D:5      | Reached **** piety under Uskayaw
  4520 | D:5      | Killed a wraith
  4521 | D:5      | Reached XP level 8. HP: 18/58 MP: 8/8
  4566 | D:5      | HP: 2/58 [gnoll sergeant (3)]
  4986 | D:5      | Noticed Pikel
  4996 | D:5      | You fall into a shaft and drop 2 floors!
  5005 | D:7      | Reached skill level 6 in Staves
  5693 | D:6      | Noticed Grinder
  5700 | D:6      | Noticed Duvessa
  5700 | D:6      | Noticed Dowan
  5712 | D:5      | Killed Duvessa
  5713 | D:5      | Reached XP level 9. HP: 35/64 MP: 9/9
  5722 | D:5      | Reached skill level 7 in Staves
  5725 | D:5      | HP: 3/64 [Dowan (2)]
  5727 | D:5      | You fall into a shaft and drop 3 floors!
  6051 | D:6      | Reached skill level 5 in Dodging
  6422 | D:5      | Killed Dowan
  6443 | D:5      | You fall into a shaft and drop 1 floor!
  6449 | D:6      | Found an iron altar of Okawaru.
  6449 | D:6      | Found a bloodstained altar of Trog.
  6738 | D:5      | Reached skill level 8 in Staves
  7006 | D:5      | Killed Pikel
  7430 | D:6      | Killed Grinder
  7431 | D:6      | Reached XP level 10. HP: 73/73 MP: 10/10
  7447 | D:6      | Identified the +1 ring mail of Impatience {Drain rC+++
                  | Slay+2 Stlth-}
  7483 | D:6      | Reached skill level 9 in Staves
  7697 | D:6      | Found an ornate altar of the Wu Jian Council.
  7703 | D:6      | Found a basalt altar of Yredelemnul.
  7708 | D:6      | Found an ancient bone altar of Kikubaaqudgha.
  8246 | D:7      | Found Josoupn's Magic Scroll Boutique.
  8255 | D:7      | Bought a scroll of brand weapon for 260 gold pieces
  8263 | D:7      | Reached skill level 5 in Fighting
  8410 | D:7      | Noticed a boulder beetle
  8419 | D:7      | You fall into a shaft and drop 3 floors!
  8419 | D:10     | Entered Level 10 of the Dungeon
  9027 | D:9      | Identified the +1 chain mail "Kocofyb" {Str+3 Int-5 SInv}
  9136 | D:7      | Reached skill level 10 in Staves
  9311 | D:7      | Reached skill level 1 in Crossbows
  9433 | D:7      | Identified the +6 rapier "Sathruv" {holy, *Slow +Rage
                  | Dex+4}
  9544 | D:7      | Noticed a manticore
  9547 | D:7      | You fall into a shaft and drop 3 floors!
 10601 | D:9      | Found a staircase to the Orcish Mines.
 10654 | D:9      | Reached XP level 11. HP: 63/81 MP: 11/11
 10658 | D:9      | Reached ***** piety under Uskayaw
 11409 | D:8      | Noticed a death yak
 11410 | D:8      | Noticed a death yak
 11415 | D:8      | Noticed a death yak
 11420 | D:8      | Killed a death yak
 11421 | D:8      | Reached skill level 11 in Staves
 11421 | D:8      | Reached skill level 5 in Armour
 11421 | D:8      | Reached skill level 1 in Invocations
 11422 | D:8      | Killed a death yak
 11434 | D:8      | Killed a death yak
 11435 | D:8      | Reached ****** piety under Uskayaw
 11449 | D:8      | Found a staircase to the Lair.
 12063 | D:7      | Killed a manticore
 12228 | D:7      | Noticed a seven-headed hydra
 12231 | D:7      | You fall into a shaft and drop 1 floor!
 12295 | D:10     | Noticed a two-headed ogre
 12851 | D:10     | Noticed Fannar
 12864 | D:10     | Killed Fannar
 13303 | Lair:1   | Entered Level 1 of the Lair of Beasts
 13330 | Lair:1   | Reached skill level 12 in Staves
 13497 | Lair:1   | Reached XP level 12. HP: 87/87 MP: 15/15
 13501 | Lair:1   | Reached skill level 5 in Crossbows
 13520 | Lair:1   | Reached skill level 5 in Invocations
 14512 | Lair:1   | Noticed a four-headed hydra
 14523 | Lair:1   | Killed a four-headed hydra
 15059 | Lair:2   | Reached skill level 13 in Staves
 15307 | Lair:2   | Reached XP level 13. HP: 85/93 MP: 18/18
 15343 | Lair:2   | Noticed a six-headed hydra
 15352 | Lair:2   | Killed a six-headed hydra
 15704 | Lair:2   | Found a hole to the Spider Nest.
 15717 | Lair:2   | Found a runed translucent gate.
 15718 | Lair:2   | Found a runed translucent gate.
 15718 | Lair:2   | Found a runed translucent gate.
 15719 | Lair:2   | Noticed frimble's ghost (journeyman GnIE)
 15719 | Lair:2   | Noticed a nine-headed hydra
 15719 | Lair:2   | Noticed a 13-headed hydra
 15729 | Lair:2   | Noticed a catoblepas
 15735 | Lair:2   | Killed a catoblepas
 16825 | Lair:3   | Reached skill level 14 in Staves
 16833 | Lair:3   | You fall into a shaft and drop 1 floor!
 16843 | Lair:4   | HP: 3/93 [wolf (3)]
 17331 | Lair:4   | Noticed a catoblepas
 17338 | Lair:4   | Killed a catoblepas
 17600 | Lair:3   | HP: 3/93 [cane toad (5)]
 17601 | Lair:3   | You fall into a shaft and drop 2 floors!
 17601 | Lair:5   | Succumbed to a cane toad's poison

Illustrated notes

Levels and vault maps discovered:
D:1:      ldierk_walled_garden, layout_rooms, basic_ecumenical_altar
D:2:      layout_loops_ring
D:3:      layout_basic, minmay_misc_feat_doors, kennysheep_generic_room_13
D:4:      layout_gridville, mainiacjoe_overflow_small_starburst
D:5:      cheibrodos_fzero, layout_gridville, minmay_temple_entry_grid,
          cheibrodos_sewer_entry_bend, uniq_sigmund, uniq_pikel
D:6:      layout_rooms, grunt_temple_overflow_bloody_war,
          minmay_overflow_temple_star_quad, serial_glass, glass_columns_a,
          glass_columns_c, glass_columns_a, glass_columns_a, glass_columns_a,
          glass_columns_a, minmay_ogre_servants, uniq_duvessa, uniq_grinder
D:7:      minmay_thinvault, layout_rooms, serial_shops, shop, kb_rosetta
D:8:      layout_loops_cross, dpeg_lair_monsters, minivault_1,
          hangedman_decor_peaks_small, disabler_island
D:9:      layout_irregular_city
D:10:     layout_long_grid, uniq_fannar
Temple:   kb_temple_of_zot
Lair:1:   layout_cave_pods, minmay_shattered_shrine
Lair:2:   layout_regular_city, spider_nest_entry_webs,
          gammafunk_ghost_hydra_chop, lemuel_fruit_fields, grunt_megastairs_1
Lair:3:   layout_chaotic_city, minmay_swamp_entry_worms, grunt_megastairs_4
Lair:4:   layout_cave_pods, gauntlet_entry_generic, infiniplex_staircase_pool
Lair:5:   layout_hall_layers, nzn_sisyphean_effort, infiniplex_staircase_pool_2

Skill      XL: |  1  2  3  4  5  6  7  8  9 10 11 12 13 |
---------------+----------------------------------------+-----
Dodging        | 1 2 3 4 5 |  5.0
Shields        | 4 5 6 7 8 9 |  9.4
Axes           | 3 |  3.0
Staves         | 2 3 4 5 6 8 10 12 13 14 | 14.0
Fighting       | 4 5 |  5.9
Crossbows      | 2 4 6 7 |  7.9
Armour         | 4 6 8 9 |  9.3
Invocations    | 4 7 8 |  8.7

Action                   |  1- 3 |  4- 6 |  7- 9 | 10-12 | 13-15 || total
-------------------------+-------+-------+-------+-------+-------++-------
Melee: War axe           |    66 |       |       |       |       ||    66
       Lajatang          |    11 |   145 |   273 |   411 |   149 ||   989
       Quarterstaff      |       |       |       |     6 |     4 ||    10
 Fire: Hand crossbow     |       |       |       |    16 |     6 ||    22
 Abil: Dig               |       |       |     8 |     5 |     4 ||    17
       Shaft Self        |       |       |     3 |     3 |     2 ||     8
  Use: Potion            |     1 |     1 |     4 |       |     4 ||    10
       Scroll            |       |     8 |     1 |     2 |    12 ||    23
 Stab: Paralysed         |       |       |     5 |    25 |    15 ||    45
Armor: Scale mail        |    43 |    62 |   142 |       |       ||   247
       Skin              |       |       |     7 |       |       ||     7
       Ring mail         |       |       |       |   102 |    74 ||   176
Dodge: Dodged            |    47 |    82 |   177 |   176 |    54 ||   536
Block: Buckler           |    21 |    41 |    80 |   109 |    56 ||   307

Table legend: (Time is in decaauts)
 A = Elapsed time spent in this place.
 B = Non-inter-level travel time spent in this place.
 C = Inter-level travel time spent in this place.
 D = Time resting spent in this place.
 E = Time spent auto-exploring this place.
 F = Levels seen in this place.
 G = Mean time per level.
                   A        B        C        D        E       F      G
               +--------+--------+--------+--------+--------+-----+--------+
         Total |  17620 |  16869 |    751 |   5134 |   8966 |  16 | 1101.2 |
       Dungeon |  13249 |  12586 |    663 |   4163 |   6276 |  10 | 1324.9 |
        Temple |    161 |    133 |     28 |     85 |     23 |   1 |  161.0 |
          Lair |   4209 |   4149 |     60 |    886 |   2667 |   5 |  841.8 |
               +--------+--------+--------+--------+--------+-----+--------+

Top non-repeatable levels by time:
     D:5: 2111 daAuts
  Lair:1: 1635 daAuts
     D:8: 1615 daAuts
     D:4: 1499 daAuts
  Lair:2: 1438 daAuts
    D:10: 1429 daAuts
     D:9: 1340 daAuts
     D:3: 1297 daAuts
     D:6: 1283 daAuts
     D:7: 1083 daAuts
     D:2: 865 daAuts
     D:1: 722 daAuts
  Lair:4: 674 daAuts
  Lair:3: 460 daAuts
  Temple: 161 daAuts
